 Dungeon Crawl Stone Soup version 0.23.2-33-g5129a83184 (webtiles) character file.

Game seed: 15526718376655529615

312793 DildoBatman the Necromancer (level 22, -2/163 HPs)
             Began as a Formicid Wizard on July 19, 2019.
             Was an Initiate of Gozag.
             Killed from afar by a crystal guardian (57 damage)
             ... with a crystal bolt
             ... on level 3 of the Elven Halls.
             The game lasted 02:56:33 (40818 turns).

DildoBatman the Necromancer (Formicid Wizard)      Turns: 40818, Time: 02:56:33

Health: -2/163     AC: 18    Str: 19    XL:     22   Next: 25%
Magic:  18/39      EV: 16    Int: 29    God:    Gozag
Gold:   8651       SH: 19    Dex: 11    Spells: 4/48 levels left

rFire    + . .     SeeInvis +   a - +9 demon trident (elec)
rCold    x . .     Gourm    .   C - +0 large shield
rNeg     + + .     Faith    .   o - +4 troll leather armour
rPois    .         Spirit   .   (helmet unavailable)
rElec    .         Reflect  .   p - scarf {cloud immunity}
rCorr    .         Harm     .   c - +4 pair of gloves "Voampent" {rC- rN++ Str+4 SInv}
MR       +++..                  B - +1 pair of boots
Stlth    ++++......             m - amulet of magic regeneration
HPRegen  0.77/turn              q - ring of protection from magic
MPRegen  0.51/turn              i - ring "Litaih" {rF+ Int+2 Slay+5}

@: no status effects
A: permanent stasis, dig shafts and tunnels, four strong arms, antennae 3, agile
1, strong 1
}: 2/15 runes: serpentine, barnacled
a: Dig, Shaft Self, Potion Petition, Call Merchant, Bribe Branch, Renounce
Religion


You were on level 3 of the Elven Halls.
You worshipped Gozag.
Gozag was greatly pleased with you.
You were full.

You visited 7 branches of the dungeon, and saw 35 of its levels.
You also visited: Trove and Ossuary.

You collected 13455 gold pieces.
You spent 4341 gold pieces at shops.
You paid 463 gold pieces to Gozag.

Inventory:

Hand Weapons
 a - a +9 demon trident of electrocution (weapon)
Missiles
 d - 242 arrows
 k - 2 throwing nets (quivered)
Armour
 c - the +4 pair of gloves "Voampent" (worn) {rC- rN++ Str+4 SInv}
   (You bought it in a shop on level 2 of the Orcish Mines)

   It affects your strength (+4).
   It makes you vulnerable to cold.
   It greatly protects you from negative energy.
   It lets you see invisible.
 o - a +4 troll leather armour (worn)
 p - a scarf of cloud immunity (worn)
 B - a +1 pair of boots (worn)
 C - a +0 large shield (worn)
 H - the +4 skin of Zhor {Hibernate rC+++ SInv}
   (You found it on level 3 of the Elven Halls)

   It renders you almost immune to cold.
   It lets you see invisible.
Jewellery
 f - an uncursed ring of resist corrosion
 i - the ring "Litaih" (right hand) {rF+ Int+2 Slay+5}
   (You found it in a treasure trove)

   [ring of protection from fire]

   It affects your intelligence (+2).
   It affects your accuracy and damage with ranged weapons and melee attacks
   (+5).
   It protects you from fire.
 j - the ring "Letaw" {EV+2 Str+3 Int-3 Dex+7}
   (You found it in a treasure trove)

   [ring of evasion]

   It affects your evasion (+2).
   It affects your strength (+3).
   It affects your intelligence (-3).
   It affects your dexterity (+7).
 m - an amulet of magic regeneration (around neck)
 q - a ring of protection from magic (left hand)
 r - an uncursed amulet of regeneration
 s - an uncursed ring of protection from fire
 u - an uncursed ring of poison resistance
 w - an uncursed ring of protection from cold
 G - an uncursed ring of ice {unknown}
 I - a +5 ring of evasion {unknown}
Wands
 b - a wand of disintegration (9)
 Q - a wand of paralysis (8)
 R - a wand of acid (15)
 V - a wand of flame (56)
 Y - a wand of scattershot (12)
Scrolls
 g - 2 scrolls of enchant armour
 l - 2 scrolls of immolation
 x - 13 scrolls of remove curse
 z - 9 scrolls of identify
 E - 2 scrolls of vulnerability {unknown}
 F - 5 scrolls of fear
 J - a scroll of summoning
 K - 3 scrolls of magic mapping {unknown}
 T - a scroll of acquirement {unknown}
 W - 2 scrolls of fog
Potions
 h - 4 potions of berserk rage {unknown}
 n - 4 potions of magic
 t - a potion of heal wounds
 y - 18 potions of curing
 A - 3 potions of cancellation {unknown}
 D - 7 potions of brilliance
 L - 4 potions of lignification {unknown}
 N - 3 potions of agility
 O - 4 potions of might
Miscellaneous
 e - 3 sacks of spiders
 S - a lamp of fire
 U - a phial of floods
 Z - a phantom mirror
Comestibles
 v - 32 rations


   Skills:
 * Level 11.5 Fighting
   Level 6.4(7.2) Axes
 * Level 5.0(6.5) Polearms
 * Level 11.6 Armour
 * Level 9.6 Dodging
 * Level 9.7 Stealth
 - Level 15.0 Shields
 * Level 13.9 Spellcasting
 - Level 6.0 Conjurations
 - Level 6.0 Hexes
 - Level 6.0 Charms
   Level 1.0 Summonings
 * Level 15.8 Necromancy
   Level 0.8 Translocations
 - Level 4.1 Fire Magic
 - Level 4.0 Air Magic
 * Level 13.5 Earth Magic
 - Level 8.2 Poison Magic
 * Level 8.6 Evocations


You had 4 spell levels left.
You knew the following spells:

 Your Spells              Type           Power        Failure   Level  Hunger
a - Conjure Flame         Conj/Fire      #####...     1%          3    None
b - Borgnjor's Vile Clut  Necr/Erth      #######...   1%          5    None
c - Spectral Weapon       Hex/Chrm       ######..     1%          3    None
d - Regeneration          Chrm/Necr      ######....   1%          3    None
e - Mephitic Cloud        Conj/Pois/Air  ######..     1%          3    None
f - Vampiric Draining     Necr           #######...   0%          3    None
g - Necromutation         Tmut/Necr      ######....   100%        8    #######
h - Dispel Undead         Necr           #######.     1%          5    None
i - Shatter               Erth           #######...   100%        9    #######
z - Sublimation of Blood  Necr           #######...   0%          2    None

Your spell library contained the following spells:

 Spells                   Type           Power        Failure   Level  Hunger
 Animate Skeleton         Necr           N/A          0%          1    None
 Pain                     Necr           ####         0%          1    None
 Sandblast                Erth           ######       0%          1    None
 Corpse Rot               Necr           N/A          0%          2    None
 Apportation              Tloc           ####..       1%          1    None
 Confusing Touch          Hex            ######       1%          1    None
 Corona                   Hex            ######.      1%          1    None
 Infusion                 Chrm           ####         1%          1    None
 Magic Dart               Conj           ####         1%          1    None
 Summon Butterflies       Summ           ####....     1%          1    None
 Summon Small Mammal      Summ           ####         1%          1    None
 Ensorcelled Hibernation  Hex/Ice        #####.       1%          2    None
 Passwall                 Tmut/Erth      ######..     1%          2    None
 Searing Ray              Conj           ######       1%          2    None
 Shroud of Golubria       Chrm/Tloc      #####.....   1%          2    None
 Slow                     Hex            ######..     1%          2    None
 Song of Slaying          Chrm           ######..     1%          2    None
 Swiftness                Chrm/Air       #####...     1%          2    None
 Throw Flame              Conj/Fire      #####.       1%          2    None
 Dazzling Spray           Conj/Hex       ######       1%          3    None
 Ignite Poison            Fire/Tmut/Pois #####...     1%          3    None
 Inner Flame              Hex/Fire       #####...     1%          3    None
 Portal Projectile        Hex/Tloc       #####.       1%          3    None
 Spider Form              Tmut/Pois      #####.....   1%          3    None
 Stone Arrow              Conj/Erth      ######       1%          3    None
 Summon Guardian Golem    Hex/Summ       #####...     1%          3    None
 Tukima's Dance           Hex            ######..     1%          3    None
 Animate Dead             Necr           N/A          1%          4    None
 Leda's Liquefaction      Hex/Erth       ######....   1%          4    None
 Petrify                  Tmut/Erth      ######..     1%          4    None
 Beastly Appendage        Tmut           ###...       2%          1    None
 Call Imp                 Summ           ####....     2%          2    None
 Cause Fear               Hex            ######....   2%          4    None
 Fulminant Prism          Conj/Hex       ######....   2%          4    None
 Iskenderun's Mystic Bla  Conj           ######..     2%          4    None
 Sticky Flame             Conj/Fire      #####...     3%          4    None
 Sticks to Snakes         Tmut           ###.....     4%          2    None
 Call Canine Familiar     Summ           ####....     5%          3    None
 Lesser Beckoning         Tloc           ####......   6%          3    None
 Recall                   Summ/Tloc      N/A          6%          3    None
 Force Lance              Conj/Tloc      #####...     7%          4    None
 Summon Lightning Spire   Summ/Air       ####....     10%         4    None
 Passage of Golubria      Tloc           N/A          19%         4    None
 Summon Ice Beast         Ice/Summ       ###.....     22%         4    None
 Ice Form                 Ice/Tmut       ###.....     28%         4    None
 Agony                    Necr           #######.     1%          5    None
 Bolt of Draining         Conj/Necr      ######....   1%          5    None
 Excruciating Wounds      Chrm/Necr      ######....   1%          5    None
 Lee's Rapid Deconstruct  Erth           #######...   1%          5    None
 Death Channel            Necr           #######...   1%          6    ####...
 Bolt of Magma            Conj/Fire/Erth ######....   3%          5    None
 Venom Bolt               Conj/Pois      ######....   4%          5    None
 Iskenderun's Battlesphe  Conj/Chrm      ######..     6%          5    None
 Iron Shot                Conj/Erth      ######....   8%          6    ####...
 Lightning Bolt           Conj/Air       #####.....   10%         5    None
 Silence                  Hex/Air        #####.....   10%         5    None
 Alistair's Intoxication  Tmut/Pois      #####...     14%         5    None
 Simulacrum               Ice/Necr       ######....   17%         6    ####...
 Summon Mana Viper        Hex/Summ       #####...     19%         5    None
 Irradiate                Conj/Tmut      #####.....   22%         5    None
 Statue Form              Tmut/Erth      ######...    26%         6    ####...
 Borgnjor's Revivificati  Necr           #######...   28%         8    #######
 Infestation              Necr           #######...   28%         8    #######
 Darkness                 Hex            ######....   34%         6    ####...
 Invisibility             Hex            ######..     34%         6    ####...
 Summon Forest            Summ/Tloc      ####......   47%         5    None
 Haunt                    Necr/Summ      ######....   58%         7    #####..
 Blade Hands              Tmut           ###.......   61%         5    None
 Orb of Destruction       Conj           ######....   89%         7    #####..
 Death's Door             Chrm/Necr      ######....   91%         8    #######
 Shadow Creatures         Summ           N/A          96%         6    ####...
 Spellforged Servitor     Conj/Summ      #####.....   99%         7    #####..
 Blink                    Tloc           Unusable     N/A         2    N/A

Dungeon Overview and Level Annotations

Branches:
Dungeon (15/15)            Temple (1/1) D:7            Lair (6/6) D:8
 Shoals (4/4) Lair:4        Snake (4/4) Lair:2        Slime (0/5) Lair:5
    Orc (2/2) D:11            Elf (3/3) Orc:2        Vaults (0/5) D:14
 Depths (0/5) D:15

Altars:
Ashenzari
Cheibriados
Dithmenos
Elyvilon
Fedhas
Gozag
Hepliaklqana
Kikubaaqudgha
Makhleb
Nemelex Xobeh
Okawaru
Qazlal
Ru
Sif Muna
Trog
Uskayaw
Vehumet
Wu Jian
Xom
Yredelemnul
Zin
The Shining One
Jiyva

Shops:
D:3 *   D:11 (   Orc:2 *?![   Elf:1 =   Elf:2 ==}   Shoals:4 *   Snake:2 }
Snake:4 !!


Innate Abilities, Weirdness & Mutations

You cannot be hasted, slowed, berserked, paralysed or teleported.
You can dig through walls and to a lower floor.
Your four strong arms can wield two-handed weapons with a shield.
You have a pair of large antennae on your head. (SInv)
You are agile. (Dex +2)
Your muscles are strong. (Str +2)


Message History

Aiming: Borgnjor's Vile Clutch (safe; 1% risk of failure)
Press: ? - help, Dir - move target cursor, p - crystal guardian Decaying hands burst forth from the earth!
Zombie hands grab the crystal guardian.
Zombie hands grab the earth elemental.
The zombie hands constrict the crystal guardian, but do no damage.
The zombie hands constrict the earth elemental.
The crystal guardian struggles to escape constriction.
A deep elf annihilator comes into view. It is wielding a +0 short sword.
The zombie hands constrict the crystal guardian.
The zombie hands constrict the earth elemental!
You destroy the earth elemental!
Your spectral weapon fades away.
You hear rumbling.
The crystal guardian glitters, brittle, in the dim dungeon light.
The crystal guardian fires a crystalline bolt at you.
The crystal bolt freezes you!!!
You feel a terrible chill!
You die...
Your body crumbles into a pile of gold.

#.........{..{# #...#
#.e.{{{.{.# #...# #{{{..# #...#
##{## { #...# ##{{{## #...'
#e{{{{### #...# #e{.{.#.# #...#
######E###e###.#############...#
#.........e8$(.@................
#..........$....................
#.............................))
#...##################+######..#
#...#.......................#).#
#...#.......................#.)#
#...#.......................#..#
#...#.............<.......?.#..#
#...#######'###############'#..#


You could see 2 deep elf annihilators and a crystal guardian.

Vanquished Creatures
  The ghost of mvem the Executioner, an adept MiBe of Trog (Shoals:4)
  2 deep elf blademasters
  A deep elf master archer (Elf:3)
  4 krakens (Shoals:4)
  Frances (Shoals:2)
  Polyphemus (Shoals:3)
  Donald (Snake:4)
  Agnes (Elf:1)
  6 nagarajas (Snake:4)
  Ilsuiw (Shoals:3)
  A deep elf sorcerer (Elf:3)
  Nessos (Lair:5)
  A deep elf demonologist (Elf:2)
  3 deep elf annihilators (Elf:3)
  Snorg (D:12)
  6 merfolk javelineers
  2 deep elf death magi
  2 crystal guardians (Elf:3)
  A deep elf high priest (Elf:3)
  9 merfolk impalers
  A fire dragon (Shoals:1)
  7 hydras
  9 naga warriors
  An ice dragon (Shoals:1)
  A catoblepas (Shoals:3)
  8 merfolk aquamancers
  4 alligator snapping turtles
  5 two-headed ogres
  A centaur warrior (D:13)
  6 merfolk avatars
  18 anacondas
  3 satyrs
  The ghost of dracomuter the Destroyer, a journeyman TeCj of Vehumet (Lair:1)
  5 death yaks
  11 shock serpents
  11 naga sharpshooters
  5 orc high priests (Orc:2)
  A tengu warrior (D:15)
  Nergalle (Orc:1)
  9 deep elf knights
  A titan zombie (D:15)
  7 skeletal warriors
  A fire crab (shapeshifter) (Elf:3)
  5 salamander mystics
  3 unseen horrors
  19 sea snakes
  5 naga ritualists
  A phantasmal warrior (D:15)
  9 deep elf archers
  Pikel (D:4)
  4 lindwurms (Snake:4)
  30 harpies
  4 necromancers
  6 orc knights
  2 orc sorcerers
  41 deep elf magi
  18 manticores
  10 ugly things
  13 fauns
  8 mana vipers
  9 cyclopes
  6 salamanders
  A salamander (shapeshifter) (Elf:1)
  An oklob plant (Lair:6)
  11 elephants
  14 merfolk sirens
  38 black mambas
  11 guardian serpents
  3 water nymphs
  28 naga magi
  11 spiny frogs
  A catoblepas zombie (D:15)
  3 yaktaurs (D:15)
  2 rime drakes (Lair:6)
  A kobold demonologist (D:10)
  16 komodo dragons
  25 merfolk
  A hydra zombie (Lair:1)
  4 trolls
  A tengu conjurer (D:15)
  6 polar bears
  A queen bee (Orc:1)
  3 hornets (Lair:6)
  7 wind drakes
  2 yaktaur skeletons (D:15)
  3 hydra skeletons
  A spriggan zombie (D:15)
  13 hippogriffs
  Prince Ribbit (D:8)
  6 blink frogs (Lair:5)
  8 slime creatures
  2 meliai zombies
  13 snapping turtles
  An ice dragon zombie (D:15)
  A fire dragon zombie (D:10)
  9 dream sheep
  2 black mamba zombies (Lair:1)
  Sigmund (D:3)
  8 redbacks (Elf:1)
  An air elemental (Elf:3)
  3 wraiths (D:13)
  A fire dragon skeleton (D:15)
  A large abomination (Elf:1)
  4 wyverns
  39 yaks
  3 black mamba skeletons
  9 water elementals
  2 fire elementals
  A hungry ghost (D:8)
  3 basilisks
  5 wargs
  7 vampire mosquitoes
  27 nagas
  An acid dragon (D:12)
  Duvessa (Temple)
  18 water moccasins
  A human zombie (D:15)
  3 spiny frog zombies (Lair:1)
  8 porcupines
  A human skeleton (D:9)
  5 sky beasts
  43 orc warriors
  6 black bears
  A phantom (D:4)
  3 spiny frog skeletons
  5 ice beasts
  4 slaves (D:4)
  3 eyes of draining
  15 ogres
  A necrophage (D:10)
  9 wolves
  10 centaurs
  An elf skeleton (D:12)
  23 big kobolds
  10 crocodiles
  13 bullfrogs
  A hippogriff skeleton (Lair:3)
  A cyclops zombie (D:13)
  9 elf zombies
  A komodo dragon skeleton (Lair:2)
  5 earth elementals
  3 wyvern skeletons
  Dowan (Temple)
  A cyclops skeleton (D:9)
  46 killer bees
  3 water moccasin skeletons
  8 scorpions
  2 yak skeletons (Lair:2)
  2 troll skeletons (Orc:2)
  26 wights
  9 howler monkeys
  2 electric eels (Snake:2)
  A polar bear skeleton (Lair:2)
  3 crimson imps
  3 bullfrog zombies (D:13)
  2 centaur zombies
  A quasit (D:11)
  9 hounds
  5 jellies
  37 orc priests
  9 centaur skeletons
  5 iguanas
  Jessica (D:3)
  6 bullfrog skeletons
  A porcupine zombie (Lair:1)
  29 orc wizards
  12 worker ants
  A porcupine skeleton (Lair:3)
  A sky beast zombie (D:10)
  An acid dragon zombie (D:13)
  A big kobold zombie (Ossuary)
  An ogre skeleton (Orc:2)
  4 hound zombies
  4 mummies (Ossuary)
  4 hound skeletons
  A howler monkey zombie (D:5)
  A worker ant zombie (D:5)
  4 gnolls
  10 adders
  2 orc skeletons (Orc:2)
  8 shadow imps
  2 oozes
  An iguana zombie (D:14)
  A worm zombie (D:14)
  3 adder skeletons
  2 adder zombies (Ossuary)
  3 worms
  3 dart slugs
  8 leopard geckos
  103 orcs
  4 ball pythons
  8 bats
  A bat skeleton (D:12)
  A bat zombie (D:13)
  7 giant cockroaches
  9 goblins
  6 hobgoblins
  19 jackals
  5 quokkas
  5 frilled lizards
  3 giant cockroach zombies
  2 goblin zombies (D:5)
  A hobgoblin zombie (Ossuary)
  29 kobolds
  2 kobold zombies (Ossuary)
  A leopard gecko skeleton (D:15)
  3 quokka skeletons
  10 rats
  A rat zombie (Ossuary)
  5 bushes (Shoals:1)
  2 fungi
  9 plants
  14 tentacles (Shoals:4)
1468 creatures vanquished.

Vanquished Creatures (collateral kills)
  A merfolk (Shoals:1)
  A water elemental (Shoals:1)
  A scorpion (D:8)
  A killer bee (D:10)
4 creatures vanquished.

Vanquished Creatures (others)
  35 dancing weapons
  A harpy (Shoals:1)
  2 killer bees
  A quokka (D:13)
  3 bushes (Shoals:1)
  17 fungi
  12 plants
  15 spectral weapons
  34 tentacles (Shoals:4)
120 creatures vanquished.

Grand Total: 1592 creatures vanquished

Notes
Turn   | Place    | Note
-------+----------+-------------------------------------------
     0 | D:1      | DildoBatman the Formicid Wizard began the quest for the
                  | Orb.
     0 | D:1      | Reached XP level 1. HP: 13/13 MP: 4/4
    18 | D:1      | Reached skill level 1 in Conjurations
   408 | D:1      | Reached XP level 2. HP: 19/19 MP: 1/6
   845 | D:1      | Reached XP level 3. HP: 22/24 MP: 5/7
   850 | D:1      | Learned a level 3 spell: Conjure Flame
   854 | D:1      | Learned a level 3 spell: Mephitic Cloud
  1454 | D:1      | Reached XP level 4. HP: 30/30 MP: 3/8
  2098 | D:2      | Found a sparkling altar of Nemelex Xobeh.
  2224 | D:3      | Reached XP level 5. HP: 35/35 MP: 4/9
  2246 | D:3      | Found Zin's Purification Station.
  2249 | D:3      | Found a glowing silver altar of Zin.
  2827 | D:3      | Reached XP level 6. HP: 17/41 MP: 7/10
  2945 | D:3      | Reached skill level 5 in Conjurations
  3663 | D:3      | Reached XP level 7. HP: 26/46 MP: 0/11
  3834 | D:3      | Noticed Jessica
  3982 | D:4      | Reached skill level 1 in Poison Magic
  4198 | D:4      | Noticed Sigmund
  4465 | D:4      | Reached skill level 1 in Fire Magic
  4603 | D:4      | Reached skill level 1 in Air Magic
  5071 | D:4      | Reached XP level 8. HP: 27/52 MP: 9/12
  5593 | D:5      | Entered Level 5 of the Dungeon
  5763 | D:5      | Found a glowing golden altar of the Shining One.
  5764 | D:5      | Found an ornate altar of the Wu Jian Council.
  5766 | D:5      | Found an iron altar of Okawaru.
  5767 | D:5      | Found a basalt altar of Yredelemnul.
  5767 | D:5      | Found a blossoming altar of Fedhas.
  5769 | D:5      | Found a radiant altar of Vehumet.
  5769 | D:5      | Found a hazy altar of Hepliaklqana.
  5770 | D:5      | Found a sacrificial altar of Ru.
  6043 | D:5      | Found a sand-covered staircase.
  6050 | Ossuary  | Entered an ossuary
  6068 | Ossuary  | Reached skill level 5 in Poison Magic
  6430 | D:5      | Reached XP level 9. HP: 57/57 MP: 0/13
  6944 | D:6      | Found a stormy altar of Qazlal.
  6998 | D:6      | Found a hide-covered altar of Uskayaw.
  7444 | D:6      | Found a sparkling altar of Nemelex Xobeh.
  7556 | D:7      | Found a staircase to the Ecumenical Temple.
  7561 | D:7      | Noticed Dowan
  7562 | D:7      | Noticed Duvessa
  7566 | Temple   | Entered the Ecumenical Temple
  7610 | Temple   | Became a worshipper of Kikubaaqudgha
  7689 | Temple   | Reached skill level 1 in Shields
  7739 | Temple   | Killed Duvessa
  7765 | Temple   | Killed Dowan
  8091 | D:6      | Reached skill level 5 in Shields
  8452 | D:4      | Noticed Pikel
  8464 | D:4      | Killed Pikel
  8464 | D:4      | Reached XP level 10. HP: 55/63 MP: 7/14
  8629 | D:3      | Killed Sigmund
  8705 | D:3      | Killed Jessica
  8717 | D:3      | Found a deep blue altar of Sif Muna.
  9052 | D:7      | Reached skill level 1 in Armour
  9052 | D:7      | Reached skill level 1 in Evocations
  9057 | D:7      | Reached skill level 1 in Fighting
  9183 | D:7      | Reached * piety under Kikubaaqudgha
  9183 | D:7      | Identified Kikubaaqudgha's Almanac of Black Rites
                  | (Kikubaaqudgha gifted it to you on level 7 of the Dungeon)
  9183 | D:7      | Received a gift from Kikubaaqudgha
  9407 | D:7      | Reached skill level 1 in Axes
 10197 | D:8      | Noticed Prince Ribbit
 10209 | D:8      | Killed Prince Ribbit
 10235 | D:8      | Reached ** piety under Kikubaaqudgha
 10345 | D:8      | Got a ripped robe
 10356 | D:8      | Identified the cursed +0 robe of Foolhardiness {rPois
                  | Dex+3} (You found it on level 8 of the Dungeon)
 10512 | D:8      | Reached XP level 11. HP: 74/75 MP: 3/17
 10649 | D:8      | Reached skill level 5 in Stealth
 10692 | D:8      | Found a staircase to the Lair.
 11157 | D:8      | Found an opulent altar of Gozag.
 11445 | D:9      | Reached skill level 5 in Spellcasting
 11717 | D:9      | Noticed a two-headed ogre
 11734 | D:9      | Killed a two-headed ogre
 11868 | D:9      | Noticed a two-headed ogre
 11878 | D:9      | Killed a two-headed ogre
 12030 | D:10     | Entered Level 10 of the Dungeon
 12049 | D:10     | Noticed a cyclops
 12056 | D:10     | Reached *** piety under Kikubaaqudgha
 12056 | D:10     | Identified Kikubaaqudgha's Catalogue of Evil Rites
                  | (Kikubaaqudgha gifted it to you on level 10 of the Dungeon)
 12056 | D:10     | Received a gift from Kikubaaqudgha
 12061 | D:10     | Noticed a two-headed ogre
 12064 | D:10     | Killed a cyclops
 12085 | D:10     | Killed a two-headed ogre
 12085 | D:10     | Reached skill level 5 in Fighting
 12085 | D:10     | Reached skill level 5 in Armour
 12085 | D:10     | Reached skill level 5 in Evocations
 12191 | D:10     | Learned a level 3 spell: Vampiric Draining
 12302 | D:10     | Reached XP level 12. HP: 21/86 MP: 9/20
 12366 | D:10     | Reached skill level 1 in Necromancy
 12379 | D:10     | Reached **** piety under Kikubaaqudgha
 12663 | D:10     | Reached skill level 5 in Axes
 12959 | D:10     | Reached ***** piety under Kikubaaqudgha
 13146 | D:11     | Noticed an unseen horror
 13159 | D:11     | Killed an unseen horror
 13159 | D:11     | Reached skill level 5 in Necromancy
 13182 | D:11     | Found a staircase to the Orcish Mines.
 13696 | D:11     | Found Denim's Antique Weapon Emporium.
 13924 | Orc:1    | Entered Level 1 of the Orcish Mines
 14131 | Orc:1    | Noticed Nergalle
 14161 | Orc:1    | Learned a level 5 spell: Borgnjor's Vile Clutch
 14471 | Orc:1    | Killed Nergalle
 14471 | Orc:1    | Reached skill level 1 in Earth Magic
 14626 | Orc:1    | Reached XP level 13. HP: 48/91 MP: 1/22
 14636 | Orc:1    | Reached skill level 5 in Earth Magic
 14799 | Orc:2    | Entered Level 2 of the Orcish Mines
 15051 | Orc:2    | Found a radiant altar of Vehumet.
 15136 | Orc:2    | Found a staircase to the Elven Halls.
 15147 | Orc:2    | Reached ****** piety under Kikubaaqudgha
 15148 | Orc:2    | Received a gift from Kikubaaqudgha
 15149 | Orc:2    | Fell from the grace of Kikubaaqudgha
 15243 | D:8      | Became a worshipper of Gozag Ym Sagoz the Greedy
 16474 | Orc:2    | Found Iwylekiu's Assorted Antiques.
 16477 | Orc:2    | Found Pajutwamu's Distillery.
 16478 | Orc:2    | Found Qoicy's Antique Armour Shoppe.
 16479 | Orc:2    | Found Rokh's Magic Scroll Shoppe.
 16482 | Orc:2    | Bought a pair of twisted gloves for 285 gold pieces
 16483 | Orc:2    | Bought a potion of mutation for 120 gold pieces
 16483 | Orc:2    | Bought a potion of degeneration for 15 gold pieces
 16483 | Orc:2    | Bought a potion of curing for 45 gold pieces
 16483 | Orc:2    | Bought a potion of curing for 45 gold pieces
 16483 | Orc:2    | Bought a potion of curing for 45 gold pieces
 16485 | Orc:2    | Bought a scroll of identify for 28 gold pieces
 16485 | Orc:2    | Bought a scroll of identify for 28 gold pieces
 16485 | Orc:2    | Bought a scroll of identify for 28 gold pieces
 16486 | Orc:2    | Bought a scroll of identify for 58 gold pieces
 16491 | Orc:2    | Identified the +4 pair of gloves "Voampent" {rC- rN++ Str+4
                  | SInv} (You bought it in a shop on level 2 of the Orcish
                  | Mines)
 16493 | Orc:2    | Gained mutation: You are surrounded by a mild repulsion
                  | field. (EV +2) [potion of mutation]
 16493 | Orc:2    | Gained mutation: You are agile. (Dex +2) [potion of
                  | mutation]
 16494 | Orc:2    | Lost mutation: You are agile. (Dex +2) [potion of mutation]
 16494 | Orc:2    | Lost mutation: You are surrounded by a mild repulsion
                  | field. (EV +2) [potion of mutation]
 16494 | Orc:2    | Gained mutation: You have large cloven feet. [potion of
                  | mutation]
 16494 | Orc:2    | Gained mutation: You are partially covered in rugged brown
                  | scales. (AC +1, +3% HP) [potion of mutation]
 16739 | Orc:2    | Bought a square amethyst amulet for 145 gold pieces
 16890 | D:12     | Found a portal to a secret trove of treasure.
 16962 | D:12     | Learned a level 5 spell: Dispel Undead
 16965 | D:12     | Found a burning altar of Makhleb.
 17035 | D:12     | Got a scintillating steel ring
 17037 | D:12     | Identified the ring "Eghocsi" {+Fly Str+3} (You found it on
                  | level 12 of the Dungeon)
 17150 | D:12     | Noticed Snorg
 17374 | D:12     | Killed Snorg
 17374 | D:12     | Reached XP level 14. HP: 84/102 MP: 16/25
 17470 | D:12     | Reached skill level 5 in Dodging
 18894 | D:13     | Found a white marble altar of Elyvilon.
 19003 | D:14     | Found a shadowy altar of Dithmenos.
 19295 | D:14     | Found a gate to the Vaults.
 19615 | D:15     | Entered Level 15 of the Dungeon
 19672 | D:15     | Reached XP level 15. HP: 33/116 MP: 9/27
 20002 | D:15     | Found a staircase to the Depths.
 20279 | D:15     | Reached skill level 10 in Fighting
 20279 | D:15     | Reached skill level 10 in Armour
 20844 | D:11     | Bought a jewelled long sword for 246 gold pieces
 20969 | D:8      | Identified the +8 long sword of Vuvoan {slice, *Slow rN+
                  | Str+8} (You bought it in a shop on level 11 of the Dungeon)
 20973 | Lair:1   | Entered Level 1 of the Lair of Beasts
 21020 | Lair:1   | You fall through a shaft!
 21108 | Lair:1   | Reached skill level 10 in Shields
 21712 | Lair:1   | Found a runed translucent door.
 21714 | Lair:1   | Noticed dracomuter's ghost (journeyman TeCj)
 21722 | Lair:1   | Killed dracomuter's ghost
 22254 | Lair:2   | Found a staircase to the Snake Pit.
 23882 | Lair:4   | Reached XP level 16. HP: 54/124 MP: 12/28
 23979 | Lair:4   | Was forgiven by Kikubaaqudgha
 24291 | Lair:4   | Found a staircase to the Shoals.
 24437 | Lair:5   | Noticed Nessos
 24446 | Lair:5   | Killed Nessos
 24736 | Lair:5   | Found a staircase to the Slime Pits.
 24752 | Lair:5   | Found a viscous altar of Jiyva.
 25176 | Lair:6   | Entered Level 6 of the Lair of Beasts
 25647 | Lair:6   | Reached skill level 10 in Necromancy
 25703 | Lair:6   | Learned a level 3 spell: Regeneration
 25707 | Lair:6   | Learned a level 3 spell: Spectral Weapon
 25799 | Lair:6   | Reached skill level 1 in Hexes
 25868 | Lair:6   | Reached skill level 1 in Charms
 26747 | Orc:2    | Bought a potion of brilliance for 60 gold pieces
 26747 | Orc:2    | Bought 2 potions of heal wounds for 150 gold pieces
 26747 | Orc:2    | Bought a potion of might for 60 gold pieces
 26747 | Orc:2    | Bought a potion of magic for 120 gold pieces
 26747 | Orc:2    | Bought a potion of might for 60 gold pieces
 26747 | Orc:2    | Bought a potion of agility for 60 gold pieces
 26747 | Orc:2    | Bought a potion of flight for 45 gold pieces
 26750 | Orc:2    | Bought a papyrus book for 435 gold pieces
 27264 | Snake:1  | Entered Level 1 of the Snake Pit
 27460 | Snake:1  | Reached skill level 5 in Hexes
 27673 | Snake:1  | Reached XP level 17. HP: 86/130 MP: 30/30
 27676 | Snake:1  | Reached skill level 5 in Charms
 28590 | Snake:2  | Reached skill level 15 in Shields
 28764 | Snake:2  | Found Roiwkauwk's Gadget Emporium.
 30139 | Snake:4  | Entered Level 4 of the Snake Pit
 30184 | Snake:4  | Reached skill level 10 in Spellcasting
 30314 | Snake:4  | Found Nezuutaq's Distillery.
 30330 | Snake:4  | Noticed Donald
 30353 | Snake:4  | Killed Donald
 30376 | Snake:4  | Found Etud's Distillery.
 30384 | Snake:4  | Bought 2 potions of mutation for 256 gold pieces
 30384 | Snake:4  | Bought a potion of experience for 800 gold pieces
 30384 | Snake:4  | Bought a potion of mutation for 128 gold pieces
 30384 | Snake:4  | Bought 2 potions of curing for 96 gold pieces
 30384 | Snake:4  | Bought a potion of curing for 48 gold pieces
 30384 | Snake:4  | Bought a potion of magic for 128 gold pieces
 30384 | Snake:4  | Reached skill level 10 in Earth Magic
 30384 | Snake:4  | Reached XP level 18. HP: 129/138 MP: 32/32
 30385 | Snake:4  | Lost mutation: You are partially covered in rugged brown
                  | scales. (AC +1, +3% HP) [potion of mutation]
 30385 | Snake:4  | Lost mutation: You have large cloven feet. [potion of
                  | mutation]
 30385 | Snake:4  | Gained mutation: Scrolls take you a little longer to read.
                  | [potion of mutation]
 30385 | Snake:4  | Gained mutation: Your flesh is heat resistant. (rF+)
                  | [potion of mutation]
 30385 | Snake:4  | Gained mutation: You are somewhat resistant to further
                  | mutation. [potion of mutation]
 30386 | Snake:4  | Lost mutation: You are somewhat resistant to further
                  | mutation. [potion of mutation]
 30386 | Snake:4  | Lost mutation: Scrolls take you a little longer to read.
                  | [potion of mutation]
 30386 | Snake:4  | Lost mutation: Your flesh is heat resistant. (rF+) [potion
                  | of mutation]
 30386 | Snake:4  | Gained mutation: You are surrounded by a mild repulsion
                  | field. (EV +2) [potion of mutation]
 30386 | Snake:4  | Gained mutation: You are partially covered in yellow
                  | scales. (AC +2) [potion of mutation]
 30386 | Snake:4  | Gained mutation: You are partially covered in icy blue
                  | scales. (AC +2) [potion of mutation]
 30386 | Snake:4  | Gained mutation: You have large cloven feet. [potion of
                  | mutation]
 30408 | Snake:4  | Bought a potion of brilliance for 72 gold pieces
 30408 | Snake:4  | Bought 2 potions of curing for 108 gold pieces
 30408 | Snake:4  | Bought 2 potions of curing for 108 gold pieces
 30408 | Snake:4  | Bought a potion of magic for 144 gold pieces
 31149 | Snake:4  | Reached XP level 19. HP: 107/140 MP: 34/34
 31591 | Snake:4  | Learned a level 2 spell: Sublimation of Blood
 31986 | Snake:4  | Got a serpentine rune of Zot
 32266 | D:8      | Lost mutation: You have large cloven feet. [potion of
                  | mutation]
 32266 | D:8      | Lost mutation: You are partially covered in icy blue
                  | scales. (AC +2) [potion of mutation]
 32266 | D:8      | Lost mutation: You are partially covered in yellow scales.
                  | (AC +2) [potion of mutation]
 32266 | D:8      | Lost mutation: You are surrounded by a mild repulsion
                  | field. (EV +2) [potion of mutation]
 32266 | D:8      | Gained mutation: You are agile. (Dex +2) [potion of
                  | mutation]
 32266 | D:8      | Gained mutation: Your muscles are strong. (Str +2) [potion
                  | of mutation]
 32648 | Shoals:1 | Entered Level 1 of the Shoals
 33187 | Shoals:1 | Identified Kuheanou's Sophisticated Secret Knowledge
 33617 | Shoals:1 | Reached XP level 20. HP: 86/147 MP: 31/37
 33635 | Shoals:1 | Got a warped animal skin
 33680 | Shoals:1 | Identified the +1 animal skin of the Skies Above {Str+4}
                  | (You found it on level 1 of the Shoals)
 34254 | D:12     | You paid a toll of 19 scrolls of identify to enter a
                  | treasure trove
 34255 | Trove    | Entered a treasure trove
 34275 | Trove    | Got a sparkling golden ring
 34284 | Trove    | Got a twitching pewter ring
 34346 | D:12     | Identified the ring "Litaih" {rF+ Int+2 Slay+5} (You found
                  | it in a treasure trove)
 34348 | D:12     | Identified the ring "Letaw" {EV+2 Str+3 Int-3 Dex+7} (You
                  | found it in a treasure trove)
 34647 | Shoals:2 | Noticed Frances
 34669 | Shoals:2 | Killed Frances
 35141 | Shoals:3 | Noticed Ilsuiw
 35159 | Shoals:3 | Killed Ilsuiw
 35159 | Shoals:3 | Reached skill level 15 in Necromancy
 35422 | Shoals:3 | Noticed Polyphemus
 35438 | Shoals:3 | Killed Polyphemus
 35642 | Shoals:3 | Lost mutation: You are agile. (Dex +2) [potion of mutation]
 35642 | Shoals:3 | Lost mutation: Your muscles are strong. (Str +2) [potion of
                  | mutation]
 35642 | Shoals:3 | Gained mutation: Your muscles are strong. (Str +2) [potion
                  | of mutation]
 35642 | Shoals:3 | Gained mutation: You are agile. (Dex +2) [potion of
                  | mutation]
 36059 | Shoals:4 | Entered Level 4 of the Shoals
 36287 | Shoals:4 | Reached skill level 1 in Polearms
 36382 | Shoals:4 | Identified Ucaub's Papyrus of Companions and Fire
 36419 | Shoals:4 | Found a runed translucent gate.
 36419 | Shoals:4 | Found a runed translucent gate.
 36419 | Shoals:4 | Found a runed translucent gate.
 36419 | Shoals:4 | Noticed mvem's ghost (adept MiBe)
 36427 | Shoals:4 | Killed mvem's ghost
 36428 | Shoals:4 | Found Raanupro's General Store.
 36450 | Shoals:4 | Bought 3 scrolls of identify for 60 gold pieces
 36708 | Shoals:4 | Reached XP level 21. HP: 127/154 MP: 22/38
 37047 | Shoals:4 | Got a barnacled rune of Zot
 37585 | Orc:2    | Bought 3 scrolls of enchant weapon for 315 gold pieces
 37881 | D:8      | Learned a level 8 spell: Necromutation
 37891 | D:8      | Learned a level 9 spell: Shatter
 38012 | Elf:1    | Entered Level 1 of the Elven Halls
 38114 | Elf:1    | Found Raem's Jewellery Emporium.
 38667 | Elf:1    | Noticed Agnes
 38679 | Elf:1    | Killed Agnes
 38862 | Elf:1    | Identified Lontyd's Guide on Necromancy
 39259 | Elf:2    | Found Cuuq's Gadget Shoppe.
 39260 | Elf:2    | Found Zozydocisex's Jewellery Boutique.
 39260 | Elf:2    | Found Donkolig's Jewellery Boutique.
 39287 | Elf:2    | Found a runed translucent gate.
 39287 | Elf:2    | Found a runed translucent gate.
 39287 | Elf:2    | Found a runed translucent gate.
 39863 | Elf:3    | Entered Level 3 of the Elven Halls
 40048 | Elf:3    | Found the +4 skin of Zhor {Hibernate rC+++ SInv}
 40221 | Elf:3    | Reached XP level 22. HP: 163/163 MP: 36/39
 40240 | Elf:3    | Identified the Handbook of Conjuration and Fire
 40810 | Elf:3    | Reached skill level 5 in Polearms
 40818 | Elf:3    | Killed from afar by a crystal guardian

Skill      XL: |  1  2  3  4  5  6  7  8  9 10 11 12 13 14 15 16 17 18 19 20 21 22 |
---------------+-------------------------------------------------------------------+-----
Conjurations   | 1 2 3 4 6 |  6.0
Poison Magic   | 3 6 8 |  8.2
Fire Magic     | 2 4 |  4.1
Air Magic      | 2 3 4 |  4.0
Shields        | 7 9 13 14 15 | 15.0
Armour         | 3 5 6 9 10 11 | 11.6
Dodging        | 3 4 7 8 9 |  9.6
Evocations     | 3 5 6 7 8 |  8.6
Fighting       | 3 5 6 9 10 11 | 11.5
Stealth        | 4 6 7 9 |  9.7
Axes           | 1 3 5 6 |  6.4
Spellcasting   | 4 5 6 7 8 9 10 11 13 | 13.9
Necromancy     | 8 9 10 11 14 15 | 15.8
Earth Magic    | 4 8 10 11 12 13 | 13.5
Hexes          | 6 |  6.0
Charms         | 4 6 |  6.0
Polearms       | 2 4 5 |  5.0
Summonings     | |  1.0
Translocations | |  0.8

Action                   |  1- 3 |  4- 6 |  7- 9 | 10-12 | 13-15 | 16-18 | 19-21 | 22-24 || total
-------------------------+-------+-------+-------+-------+-------+-------+-------+-------++-------
Melee: Club              |     4 |       |       |       |       |       |       |       ||     4
       Dagger            |    44 |   128 |    43 |       |       |       |       |       ||   215
       Hand axe          |       |       |   141 |    47 |       |       |       |       ||   188
       War axe           |       |       |       |   120 |       |       |       |       ||   120
       Broad axe         |       |       |       |   366 |  1173 |   722 |   427 |       ||  2688
       Halberd           |       |       |       |    50 |       |       |       |       ||    50
       Demon trident     |       |       |       |       |       |       |   386 |    46 ||   432
Throw: Tomahawk          |       |       |    20 |    11 |       |       |       |       ||    31
       Stone             |       |       |     6 |    24 |       |       |       |       ||    30
       Javelin           |       |       |       |    12 |       |     1 |       |       ||    13
 Cast: Magic Dart        |    78 |   131 |   174 |   134 |     5 |       |       |       ||   522
       Mephitic Cloud    |     1 |    10 |    45 |    93 |    90 |    22 |    20 |     4 ||   285
       Conjure Flame     |       |     1 |    26 |    42 |    71 |     4 |     2 |       ||   146
       Vampiric Draining |       |       |       |     3 |     9 |     6 |       |       ||    18
       Borgnjor's Vile C |       |       |       |       |    51 |    50 |   161 |    16 ||   278
       Dispel Undead     |       |       |       |       |     6 |       |     5 |       ||    11
       Regeneration      |       |       |       |       |       |    39 |    64 |     4 ||   107
       Spectral Weapon   |       |       |       |       |       |    41 |   105 |     9 ||   155
       Sublimation of Bl |       |       |       |       |       |       |     5 |     3 ||     8
Invok: Receive Necronomi |       |       |       |       |     1 |       |       |       ||     1
       Renounce Religion |       |       |       |       |     1 |       |       |       ||     1
       Potion Petition   |       |       |       |       |     1 |       |       |       ||     1
 Abil: Dig               |       |     6 |    18 |    26 |    30 |    14 |     6 |       ||   100
       Shaft Self        |       |       |       |       |     1 |       |       |       ||     1
Evoke: Wand              |       |       |       |     1 |       |     2 |       |       ||     3
  Use: Scroll            |       |       |     7 |     2 |    12 |     2 |     7 |       ||    30
       Potion            |       |       |       |     1 |     6 |     5 |    10 |     1 ||    23
 Stab: Confused          |     1 |     6 |     9 |    39 |    43 |    15 |     4 |     1 ||   118
       Sleeping          |       |     1 |     1 |     5 |    11 |     7 |    15 |     2 ||    42
       Paralysed         |       |       |       |     2 |       |     2 |       |       ||     4
       Distracted        |       |       |       |       |     4 |     6 |    17 |       ||    27
  Eat: Chunk             |     1 |     9 |    15 |    28 |     4 |       |       |       ||    57
       Ration            |       |       |     2 |       |    15 |    11 |    14 |       ||    42
Armor: Robe              |    14 |    11 |    35 |    39 |     1 |       |       |       ||   100
       Leather armour    |       |       |       |     5 |     4 |       |       |       ||     9
       Troll leather arm |       |       |       |       |   280 |   185 |   171 |     6 ||   642
Dodge: Dodged            |    44 |    45 |   200 |   239 |   455 |   269 |   408 |    18 ||  1678
Block: Shield            |       |       |       |   243 |   557 |   240 |       |       ||  1040
       Large shield      |       |       |       |       |       |   237 |   841 |    43 ||  1121
